 Dungeon Crawl Stone Soup version 0.21-a0-39-g28ea6b7 (webtiles) character file.

3679 HAL9000 the Transmogrifier (level 9, -7/74 HPs)
             Began as a Pale Draconian Transmuter on May 30, 2017.
             Was an Elder of Cheibriados.
             Headbutted by a minotaur (16 damage)
             ... in a labyrinth on June 1, 2017.
             The game lasted 00:32:58 (11354 turns).

HAL9000 the Transmogrifier (DrTm)                  Turns: 11354, Time: 00:32:58

Health: -7/74      AC:  8    Str: 21    XL:     9   Next: 90%
Magic:  7/12       EV: 19    Int: 24    God:    Cheibriados [****..]
Gold:   390        SH:  0    Dex: 23    Spells: 1/12 levels left

rFire    . . .     SeeInvis .     - Unarmed
rCold    . . .     Gourm    .   (shield currently unavailable)
rNeg     . . .     Faith    .   (armour unavailable)
rPois    .         Spirit   .   f - +1 hat
rElec    .         Reflect  .   (no cloak)
rCorr    .         Harm     .   (gloves currently unavailable)
MR       .....                  (no boots)
Stlth    +++.......             (no amulet)
Regen    0.3/turn               h - +3 ring of evasion
MPRegen  0.2/turn               s - ring of stealth

@: blade hands, very slow
A: breathe steam, unfitting armour, cold-blooded, AC +7
a: Breathe Steam, End Transformation, Bend Time, Temporal Distortion, Slouch,
Renounce Religion


You were in a labyrinth.
You worshipped Cheibriados.
Cheibriados was greatly pleased with you.
You were not hungry.
You had blades for hands.
You visited 3 branches of the dungeon, and saw 10 of its levels.
You also visited: Labyrinth and Sewer.

You collected 426 gold pieces.
You spent 36 gold pieces at shops.

Inventory:

Missiles
 a - 130 arrows
Armour
 f - a +1 hat (worn)
 j - a +0 pair of gloves (melded)
 t - a cursed +0 buckler (melded)
Jewellery
 h - a +3 ring of evasion (left scythe-like blade)
 s - a ring of stealth (right scythe-like blade)
 U - an uncursed ring of wizardry {unknown}
Wands
 w - a wand of paralysis (19/24)
 S - a wand of iceblast (5/15)
 T - a wand of clouds (6/9)
 X - a wand of paralysis (8/24)
Scrolls
 d - 3 scrolls of immolation {unknown}
 m - 3 scrolls of recharging {unknown}
 q - a scroll of enchant weapon {unknown}
 x - 4 scrolls of teleportation {unknown}
 y - 3 scrolls of noise {unknown}
 z - 2 scrolls of fear {unknown}
 A - 7 scrolls of remove curse {unknown}
 F - 3 scrolls of fog {unknown}
 G - 3 scrolls of magic mapping {unknown}
 H - a scroll of random uselessness {unknown}
 L - 2 scrolls of blinking {unknown}
 M - a scroll of brand weapon {unknown}
 R - 2 scrolls of amnesia {unknown}
Potions
 e - 2 potions of heal wounds {unknown}
 g - 6 potions of curing
 i - 5 potions of might
 l - a potion of resistance {unknown}
 p - 2 potions of agility
 u - a potion of ambrosia
 C - a potion of cancellation
 I - 5 potions of magic {unknown}
 K - a potion of brilliance {unknown}
 O - a potion of degeneration {unknown}
 P - a potion of lignification {unknown}
 W - a potion of flight {unknown}
Books
 b - a book of Changes

   Spells                             Type                      Level
   a - Beastly Appendage              Transmutation                1
   b - Sticks to Snakes               Transmutation                2
   c - Spider Form                    Transmutation/Poison         3
   d - Ice Form                       Ice/Transmutation            4
   e - Blade Hands                    Transmutation                5
 N - a book of the Tempests

   Spells                             Type                      Level
   a - Static Discharge               Conjuration/Air              3
   b - Lightning Bolt                 Conjuration/Air              5
   c - Ignition                       Fire                         8
   d - Tornado                        Air                          9
   e - Shatter                        Earth                        9
 V - a book of Necromancy

   Spells                             Type                      Level
   a - Pain                           Necromancy                   1
   b - Animate Skeleton               Necromancy                   1
   c - Vampiric Draining              Necromancy                   3
   d - Regeneration                   Charms/Necromancy            3
   e - Animate Dead                   Necromancy                   4
   f - Control Undead                 Necromancy                   4
Comestibles
 c - 5 bread rations


   Skills:
 + Level 5.3 Fighting
 + Level 4.5 Dodging
 - Level 4.0 Shields
 + Level 8.3 Unarmed Combat
 - Level 2.0 Spellcasting
 - Level 9.2 Transmutations


You had one spell level left.
You knew the following spells:

 Your Spells              Type           Power        Failure   Level  Hunger
a - Beastly Appendage     Tmut           #####.       10%         1    #......
b - Sticks to Snakes      Tmut           #####...     11%         2    ##.....
c - Spider Form           Tmut/Pois      ###.......   34%         3    ###....
d - Blade Hands           Tmut           #####.....   41%         5    ######.


Dungeon Overview and Level Annotations

Branches:
Dungeon (8/15)             Temple (1/1) D:4            Lair (1/6) D:8

Altars:
Ashenzari
Cheibriados
Dithmenos
Elyvilon
Fedhas
Gozag
Hepliaklqana
Kikubaaqudgha
Makhleb
Nemelex Xobeh
Okawaru
Qazlal
Ru
Sif Muna
Trog
Uskayaw
Vehumet
Wu Jian
Xom
Yredelemnul
Zin
The Shining One

Shops:
D:6 *   D:7 !


Innate Abilities, Weirdness & Mutations

You can breathe blasts of scalding, opaque steam.
Your pale cyan-grey scales are hard. (AC +7)
You cannot fit into any form of body armour.
You are cold-blooded and may be slowed by cold attacks.


Message History

Your hands turn into razor-sharp scythe blades.
Your +0 pair of gloves melds into your body.
Your cursed +0 buckler melds into your body.
The minotaur hits you! The minotaur barely misses you.
Unknown command.
You barely miss the minotaur.
The minotaur furiously retaliates!
The minotaur headbutts you!
* * * LOW HITPOINT WARNING * * *
You tail-slap the minotaur. You slash the minotaur!
The minotaur is lightly wounded.
The minotaur misses you. The minotaur gores you.
* * * LOW HITPOINT WARNING * * *
Okay, then.
Okay, then.
You hit the minotaur but do no damage.
You tail-slap the minotaur, but do no damage.
The minotaur is lightly wounded.
You barely miss the minotaur.
The minotaur furiously retaliates!
The minotaur headbutts you!
You die...

# # ### #. ##
#. # #.# # ..
. .. .
###.#.# # #.#
# # # #.#...
. .. .. .
#.#.#########
. . .
#.........@.#
. ## #
#.#.#######H#
## # # . .#.#
#...#...<...#
.# . #.#.#.#
.#######.# #
# # #......
#.# # .#...
##. # ##.#.#
### # #.## .
# # .. .# .
.# #.#.# #
###.#.#.#.# #
# #.#... . .
. .# ..# .


You could see a minotaur.

Vanquished Creatures
  Joseph (Lair:1)
  A rime drake (Lair:1)
  A troll (D:8)
  A hippogriff (D:7)
  A water moccasin (Lair:1)
  3 orc warriors
  2 phantoms
  2 sky beasts
  3 ogres
  4 centaurs
  A crocodile (Lair:1)
  3 bullfrogs
  The ghost of KristoblXynda the Sneak, an amateur SpVM (Sewer)
  A scorpion (D:5)
  A howler monkey (D:6)
  2 crimson imps
  A quasit (D:7)
  3 orc priests
  2 hounds
  A bullfrog skeleton (D:4)
  4 orc wizards
  2 iguanas
  3 worker ants
  A hound skeleton (D:5)
  2 river rats (Sewer)
  10 adders
  4 oozes
  A worm (D:2)
  2 dart slugs (D:2)
  8 leopard geckos
  29 orcs
  11 ball pythons
  7 bats
  7 giant cockroaches
  5 goblins
  7 hobgoblins
  2 quokkas
  4 frilled lizards
  5 kobolds
  A leopard gecko skeleton (D:6)
  A leopard gecko zombie (D:5)
  31 rats
182 creatures vanquished.

Vanquished Creatures (collateral kills)
  A hippogriff (D:7)
  2 orc priests (D:3)
  A worm (D:2)
  3 leopard geckos
  An orc (D:3)
  4 ball pythons (Sewer)
  A kobold (D:2)
13 creatures vanquished.

Vanquished Creatures (others)
  A bush (D:6)
1 creature vanquished.

Grand Total: 196 creatures vanquished

Notes
Turn   | Place    | Note
-------+----------+-------------------------------------------
     0 | D:1      | HAL9000 the Draconian Transmuter began the quest for the Orb.
     0 | D:1      | Reached XP level 1. HP: 16/16 MP: 3/3
   384 | D:1      | Reached XP level 2. HP: 22/23 MP: 3/5
   398 | D:1      | Learned a level 2 spell: Sticks to Snakes
   883 | D:1      | Reached skill level 3 in Transmutations
  1092 | D:2      | Reached XP level 3. HP: 10/28 MP: 4/6
  1414 | D:2      | Found a hazy altar of Hepliaklqana.
  2053 | D:3      | Reached skill level 4 in Transmutations
  2053 | D:3      | Reached XP level 4. HP: 8/35 MP: 3/7
  2091 | D:3      | Learned a level 3 spell: Spider Form
  2497 | D:3      | Reached XP level 5. HP: 18/40 MP: 3/8
  2933 | D:3      | Found a white marble altar of Elyvilon.
  3350 | D:3      | Reached skill level 5 in Transmutations
  3699 | D:4      | Reached XP level 6. HP: 39/47 MP: 9/9
  4522 | D:4      | Found a staircase to the Ecumenical Temple.
  4531 | Temple   | Entered the Ecumenical Temple
  4734 | Temple   | Became a worshipper of Cheibriados the Contemplative
  4922 | D:5      | Entered Level 5 of the Dungeon
  5081 | D:5      | Reached skill level 6 in Transmutations
  5371 | D:5      | Found a shimmering altar of Xom.
  5372 | D:5      | Found a shimmering altar of Xom.
  5404 | D:5      | Noticed a sky beast
  5417 | D:5      | Killed a sky beast
  5417 | D:5      | Reached skill level 5 in Unarmed Combat
  5417 | D:5      | Your scales start taking on a pale cyan-grey colour.
  5417 | D:5      | Reached XP level 7. HP: 28/52 MP: 7/10
  5585 | D:5      | Found a shimmering altar of Xom.
  5836 | D:5      | Reached skill level 7 in Transmutations
  6155 | D:5      | Reached skill level 1 in Shields
  6883 | D:6      | Found a glowing drain.
  6895 | D:6      | Reached * piety under Cheibriados
  6909 | Sewer    | Entered a sewer
  7002 | Sewer    | Reached XP level 8. HP: 59/59 MP: 11/11
  7059 | Sewer    | Learned a level 5 spell: Blade Hands
  7085 | Sewer    | Noticed KristoblXynda's ghost (amateur SpVM)
  7092 | Sewer    | Reached ** piety under Cheibriados
  7094 | Sewer    | Killed KristoblXynda's ghost
  7221 | Sewer    | Reached skill level 8 in Transmutations
  7340 | D:6      | Reached *** piety under Cheibriados
  7578 | D:6      | Found a radiant altar of Vehumet.
  7824 | D:6      | Found Erobuohu's General Store.
  8042 | D:6      | Reached skill level 9 in Transmutations
  8175 | D:6      | Reached **** piety under Cheibriados
  8354 | D:6      | Reached XP level 9. HP: 64/64 MP: 12/12
  8466 | D:7      | Found Barghah's Distillery.
  8469 | D:7      | Bought a potion of curing for 36 gold pieces
  8931 | D:7      | Found a stormy altar of Qazlal.
  9222 | D:8      | Found a glowing golden altar of the Shining One.
  9224 | D:8      | Noticed a troll
  9256 | D:8      | Killed a troll
  9367 | D:8      | Found a staircase to the Lair.
  9377 | Lair:1   | Entered Level 1 of the Lair of Beasts
  9412 | Lair:1   | Noticed Joseph
  9425 | Lair:1   | Killed Joseph
  9428 | Lair:1   | Noticed a rime drake
  9437 | Lair:1   | Killed a rime drake
  9437 | Lair:1   | Reached skill level 5 in Fighting
  9690 | Lair:1   | Found a labyrinth entrance.
  9760 | Lab      | Entered a labyrinth
 11349 | Lab      | Noticed a minotaur
 11354 | Lab      | Headbutted by a minotaur

Vault maps used:
D:1:      co_arrival_square_in_a_square_in_a_square, serial_forest,
          infiniplex_forest_lined_corner, infiniplex_forest_corner_2,
          infiniplex_forest_zigzag_1, infiniplex_forest_clump_small,
          infiniplex_forest_clump_small, serial_bayou_lake_a
D:2:      marbit_many_paths
D:3:      elyvilon_altar_1
D:4:      lemuel_temple_firewalk_a
D:5:      first_bread, xom_redecorated
D:6:      vehumet_crystals, portal_sewer_entry_f, serial_shops,
          nicolae_shop_trees, minmay_hedge_maze
D:7:      kennysheep_big_flooded_room, serial_shops, nicolae_shop_behind_doors,
          grunt_qazlal_clouds
D:8:      lair_entry_dummy, basic_altar, uniq_prince_ribbit1
Temple:   regret_index_temple_mists
Lair:1:   lab_entry_generic, kennysheep_rathole, infiniplex_staircase_pool_2,
          grunt_megastairs_5, uniq_joseph
Sewer:    sewer_minmay_w

Skill      XL: |  1  2  3  4  5  6  7  8  9 |
---------------+----------------------------+-----
Transmutations | 3 4 5 6 7 9 |  9.2
Unarmed Combat | 4 5 6 8 |  8.3
Shields        | 2 4 |  4.0
Dodging        | 2 4 |  4.5
Fighting       | 5 |  5.3
Spellcasting   | |  2.0

Action                   |  1- 3 |  4- 6 |  7- 9 || total
-------------------------+-------+-------+-------++-------
Melee: Unarmed           |   124 |   196 |   410 ||   730
       Punch             |     2 |     1 |     4 ||     7
       Headbutt          |     2 |     3 |     4 ||     9
       Tailslap          |     6 |    18 |    68 ||    92
       Kick              |     7 |    15 |       ||    22
 Cast: Beastly Appendage |    20 |    17 |     1 ||    38
       Sticks to Snakes  |     7 |     5 |    18 ||    30
       Spider Form       |       |     3 |     5 ||     8
       Blade Hands       |       |       |    14 ||    14
 Abil: End Transformatio |       |     2 |    16 ||    18
       Breathe Steam     |       |       |     5 ||     5
  Use: Scroll            |       |       |     5 ||     5
 Stab: Distracted        |     1 |       |     1 ||     2
       Sleeping          |       |     7 |     5 ||    12
  Eat: Chunk             |     4 |    10 |    13 ||    27
       Royal jelly       |       |     1 |       ||     1
       Bread ration      |       |       |     1 ||     1
       Fruit             |       |       |     2 ||     2
       Meat ration       |       |       |     1 ||     1
Armor: Skin              |    33 |    30 |   102 ||   165
Dodge: Dodged            |    96 |   124 |   309 ||   529
Block: Buckler           |       |    10 |    87 ||    97
